 Dungeon Crawl Stone Soup version 0.19.5 (webtiles) character file.

294 McKennaii the Skirmisher (level 6, -2/49 HPs)
             Began as a Demonspawn Abyssal Knight on Apr 25, 2017.
             Was a Priest of Lugonu.
             Slain by an ogre
             ... wielding a +0 giant club
              (16 damage)
             ... on level 3 of the Dungeon.
             The game lasted 00:09:50 (2562 turns).

McKennaii the Skirmisher (DsAK)                     Turns: 2562, Time: 00:09:51

Health: -2/49      AC: 11    Str: 14    XL:     6   Next: 11%
Magic:  0/17       EV: 12    Int: 13    God:    Lugonu [***...]
Gold:   150        SH:  0    Dex: 13    Spells: 0 memorised, 5 levels left

rFire  . . .     SeeInvis .     a - +1 falchion
rCold  . . .     Gourm    .     b - +0 leather armour
rNeg   . . .     Faith    .     (no shield)
rPois  +         Spirit   +     d - +0 helmet
rElec  .         Reflect  .     (no cloak)
rCorr  .         Harm     .     i - +0 pair of gloves
MR     .....                    (no boots)
Stlth  +.........               (no amulet)
                                k - ring of magical power
                                f - ring of poison resistance

@: sanguine armour
A: talons 1, powered by death 1, magic shield, sanguine armour 1
a: Depart the Abyss, Bend Space, Banish, Renounce Religion


You were on level 3 of the Dungeon.
You worshipped Lugonu.
Lugonu was most pleased with you.
You were not hungry.

You visited 1 branch of the dungeon, and saw 4 of its levels.
You visited the Abyss 1 time.

You collected 150 gold pieces.

Inventory:

Hand Weapons
 a - a +1 falchion (weapon)
Armour
 b - a +0 leather armour (worn)
 d - a +0 helmet (worn)
 i - a +0 pair of gloves (worn)
Jewellery
 f - a ring of poison resistance (left hand)
 k - a ring of magical power (right hand)
 r - an uncursed ring of stealth {unknown}
Scrolls
 e - a scroll of amnesia {unknown}
 g - 4 scrolls of identify {unknown}
 h - 3 scrolls of remove curse {unknown}
 j - a scroll of fog {unknown}
Potions
 l - a potion of magic {unknown}
 m - a potion of mutation {unknown}
 n - 2 potions of cancellation {unknown}
 o - a potion of might {unknown}
 q - a potion of heal wounds {unknown}
 t - a potion of curing {unknown}
 u - a potion of degeneration {unknown}
Comestibles
 c - 4 bread rations
 s - 3 fruits


   Skills:
 + Level 4.5 Fighting
 + Level 3.7 Long Blades
 + Level 2.5 Armour
 + Level 1.9 Dodging
 + Level 0.8 Stealth
 + Level 3.1 Invocations


You had 5 spell levels left.
You didn't know any spells.

Dungeon Overview and Level Annotations

Branches:
Dungeon (4/15)
 Temple: D:4-7

Altars:
Cheibriados
Sif Muna


Innate Abilities, Weirdness & Mutations

You have sharp toenails.
You regenerate a little health from kills.
When hurt, damage is shared between your health and your magic reserves.
When seriously injured, your bleeding wounds create armour. (AC +6)


Message History

There is a stone staircase leading up here.
A leopard gecko comes into view.
The leopard gecko misses you. The leopard gecko barely misses you.
You enter the shallow water.
Moving in this stuff is going to be slow.
The leopard gecko splashes around in the water.
The leopard gecko bites you but does no damage.
Your blood armour dries and flakes away.
The leopard gecko closely misses you.
You riposte.
Your unstable footing causes you to fumble your attack.
The ogre closely misses you. The ogre hits you with a giant club!!
Your blood congeals into armour.
The ogre hits the plant with a giant club!!
The leopard gecko splashes around in the water.
The leopard gecko completely misses you.
The ogre hits you with a giant club!
* * * LOW HITPOINT WARNING * * *
The ogre hits you with a giant club!!
You die...

#..#..#.♣PP≈≈≈≈≈≈≈≈≈P≈# #.
...#....≈P♣≈≈≈P≈≈P≈♣♣## #.
...#....≈≈≈≈≈P≈≈≈≈≈P♣ #.
####....≈≈≈≈P≈≈≈≈≈≈♣♣# #.
.........≈≈≈≈P≈≈≈≈≈≈≈# ##
PP.......≈♣≈≈≈≈≈≈≈≈≈## #######
≈PP......≈♣♣♣≈≈≈≈♣≈♣# #......
♣≈≈........≈♣≈POl≈♣# #####.#####
♣≈PP#....#.#♣≈♣≈@## ##.....#
♣≈≈...#.##.##P♣♣(#♣♣♣♣≈.....#
♣♣P.P.........#..P≈P≈≈≈♣.♣≈.#
♣≈≈..###........(P≈≈)≈≈≈.≈≈≈#####
♣≈PP###.......#P≈≈≈≈≈≈≈≈.≈≈≈♣....
≈≈..###.......##♣♣≈P≈≈≈≈.≈≈≈♣≈###
P≈............# #♣≈P≈≈≈≈.P≈≈P♣♣##
#..####.......###≈≈≈P≈≈≈.≈P≈≈♣♣♣.
...####........##≈♣♣♣≈≈≈.≈≈≈≈≈♣♣.


You could see an ogre and a leopard gecko.

Vanquished Creatures
  An eye of draining (Abyss:1)
  A bullfrog skeleton (D:4)
  A centaur skeleton (D:3)
  4 adders
  A shadow imp (D:4)
  An ooze (D:1)
  2 worms
  A dart slug (D:3)
  3 leopard geckos (D:2)
  7 orcs
  3 giant cockroaches
  4 goblins
  4 hobgoblins
  10 jackals
  7 kobolds
  2 quokkas
  3 ball pythons
  A ball python skeleton (D:4)
  4 bats
  8 frilled lizards
  26 rats
  A plant (D:3)
95 creatures vanquished.

Notes
Turn   | Place    | Note
-------+----------+-------------------------------------------
     0 | Abyss:1  | McKennaii the Demonspawn Abyssal Knight began the quest for the Orb.
     0 | Abyss:1  | Reached XP level 1. HP: 18/18 MP: 2/2
   154 | Abyss:1  | Noticed an eye of draining
   179 | Abyss:1  | Killed an eye of draining
   179 | Abyss:1  | Reached skill level 4 in Fighting
   179 | Abyss:1  | Reached skill level 1 in Dodging
   179 | Abyss:1  | Gained mutation: You have sharp toenails. [demonic ancestry]
   179 | Abyss:1  | Reached XP level 2. HP: 25/25 MP: 1/4
   179 | Abyss:1  | Gained mutation: When hurt, damage is shared between your health and your magic reserves. [demonic ancestry]
   179 | Abyss:1  | Reached XP level 3. HP: 30/30 MP: 1/5
   179 | Abyss:1  | Gained mutation: You regenerate a little health from kills. [demonic ancestry]
   179 | Abyss:1  | Reached XP level 4. HP: 37/37 MP: 1/6
   181 | D:1      | Escaped the Abyss
   531 | D:1      | Found a snail-covered altar of Cheibriados.
  1068 | D:2      | Reached ** piety under Lugonu
  1078 | D:2      | Reached XP level 5. HP: 28/42 MP: 7/7
  1300 | D:2      | You fall through a shaft!
  1342 | D:3      | Found a deep blue altar of Sif Muna.
  1473 | D:3      | Reached *** piety under Lugonu
  2100 | D:4      | Gained mutation: When seriously injured, your bleeding wounds create armour. (AC +6) [demonic ancestry]
  2100 | D:4      | Reached XP level 6. HP: 49/49 MP: 8/8
  2562 | D:3      | Slain by an ogre

Skill      XL: |  1  2  3  4  5 |
---------------+----------------+-----
Fighting       | 4 |  4.5
Long Blades    | 2 3 |  3.7
Armour         | 2 |  2.5
Dodging        | 1 |  1.9
Invocations    | 3 |  3.1
Stealth        | |  0.8

Action                   |  1- 3 |  4- 6 || total
-------------------------+-------+-------++-------
Melee: Falchion          |    23 |   305 ||   328
       Kick              |       |    80 ||    80
Invok: Bend Space        |       |     1 ||     1
  Use: Scroll            |       |     1 ||     1
 Stab: Sleeping          |       |     5 ||     5
  Eat: Chunk             |       |     6 ||     6
Armor: Leather armour    |       |   116 ||   116
Dodge: Dodged            |       |   188 ||   188
       Rpst.: Falchion   |       |    59 ||    59
